 Dungeon Crawl Stone Soup version 0.22-a0-392-g5dc3fd9 (webtiles) character file.

741 Falco the Sneak (level 8, 0/52 HPs)
             Began as a Halfling Assassin on May 1, 2018.
             Slain by Prince Ribbit (7 damage)
             ... on level 5 of the Dungeon.
             The game lasted 00:34:52 (7511 turns).

Falco the Sneak (Halfling Assassin)                 Turns: 7511, Time: 00:34:53

Health: 0/52       AC:  7    Str: 12    XL:     8   Next: 5%
Magic:  8/8        EV: 11    Int:  9    God:
Gold:   176        SH:  7    Dex: 18    Spells: 7/7 levels left

rFire    . . .     SeeInvis .   a - +2 dagger
rCold    . . .     Gourm    .   z - +0 shield
rNeg     . . .     Faith    .   c - +0 robe
rPois    .         Spirit   .   w - +0 helmet
rElec    .         Reflect  .   k - scarf {cloud immunity}
rCorr    .         Harm     .   (no gloves)
MR       .....                  (no boots)
Stlth    ++........             (no amulet)
HPRegen  0.17/turn              m - +1 ring of evasion
MPRegen  0.11/turn              n - +4 ring of protection

@: very slightly contaminated, very heavily drained
A: small, mutation resistance 1
a: no special abilities


You were on level 5 of the Dungeon.
You were not hungry.

You visited 1 branch of the dungeon, and saw 6 of its levels.

You collected 176 gold pieces.

Inventory:

Hand Weapons
 a - a +2 dagger (weapon)
 b - a +0 hunting sling
 h - a +0 blowgun
 y - a +0 hunting sling
Missiles
 f - 16 poisoned needles
 i - 155 stones (quivered)
 q - 40 sling bullets
 s - a curare-tipped needle
Armour
 c - a +0 robe (worn)
 d - a +0 cloak
 k - a scarf of cloud immunity (worn)
 w - a +0 helmet (worn)
 z - a +0 shield (worn)
 A - a cursed +0 helmet
Jewellery
 e - an uncursed ring of ice {unknown}
 m - a +1 ring of evasion (left hand)
 n - a +4 ring of protection (right hand)
 t - an uncursed ring of protection from magic
 x - an uncursed ring of positive energy {unknown}
Scrolls
 o - a scroll of enchant weapon {unknown}
 u - 2 scrolls of magic mapping {unknown}
 C - a scroll of fear {unknown}
 F - a scroll of teleportation
Potions
 j - a potion of heal wounds {unknown}
 l - a potion of haste {unknown}
 r - a potion of degeneration {unknown}
 v - a potion of curing
 B - a potion of mutation {unknown}
 D - a potion of invisibility {unknown}
 E - a potion of resistance {unknown}
Comestibles
 g - 2 rations


   Skills:
 + Level 3.5(0.0) Fighting
 + Level 4.2(0.6) Short Blades
 + Level 4.5(1.9) Slings
 + Level 3.3(0.4) Throwing
 + Level 3.0(0.0) Dodging
 + Level 6.3(2.5) Stealth
 + Level 2.2(0.0) Shields
 + Level 0.3(0.0) Unarmed Combat


You had 7 spell levels left.
You didn't know any spells.

Dungeon Overview and Level Annotations

Branches:
Dungeon (6/15)
 Temple: D:4-7

Altars:
Dithmenos
Elyvilon
Kikubaaqudgha
Nemelex Xobeh
Trog

Annotations:
D:3 iishen's ghost, amateur GnWr
D:5 Dowan; Duvessa; Prince Ribbit


Innate Abilities, Weirdness & Mutations

You are small and have problems with some larger weapons.
You are somewhat resistant to further mutation.


Message History

You closely miss Prince Ribbit.
Prince Ribbit is moderately wounded.
Prince Ribbit hits you!
* * * LOW HITPOINT WARNING * * *
Prince Ribbit closely misses you.
There is a stone staircase leading up here.
Blink to where?
Press: ? - help, Dir - move target cursor, p - Prince Ribbit You are very lightly contaminated with residual magic.
As you read the scroll of blinking, it crumbles to dust.
Prince Ribbit blinks!
Prince Ribbit blinks!
Found a flail.
The gnoll shouts!
You hear a shout!
Prince Ribbit catches a centipede with his tongue.
The gnoll shouts!
Prince Ribbit closely misses you.
There is a stone staircase leading down here.
Prince Ribbit hits you!
You die...

#......##.#
##......##$#
........##.# ..
##.........###....
..................
.).......#.###...
#####..##.## ##.##..##
#@F....#######
#......#.....##
##g.g.)........##
#...............#
#.......÷.......#
#g..............#
.#####...((.....§....#
(.((...(.............#
#.####.(.............#


You could see Prince Ribbit, a gnoll shaman and 2 gnolls.

Vanquished Creatures
  Grinder (D:4)
  A bullfrog (D:6)
  A scorpion (D:4)
  A crimson imp (D:6)
  A gnoll shaman (D:4)
  An iguana (D:5)
  2 orc priests (D:6)
  An orc wizard (D:4)
  2 worker ants (D:4)
  6 gnolls
  7 adders
  2 oozes
  2 worms
  2 dart slugs (D:1)
  2 leopard geckos
  11 orcs
  3 bats
  A giant cockroach (D:3)
  9 goblins
  5 hobgoblins
  A quokka (D:4)
  2 ball pythons
  2 frilled lizards
  10 kobolds
  24 rats
100 creatures vanquished.

Notes
Turn   | Place    | Note
-------+----------+-------------------------------------------
     0 | D:1      | Falco the Halfling Assassin began the quest for the Orb.
     0 | D:1      | Reached XP level 1. HP: 14/14 MP: 1/1
   260 | D:1      | Reached XP level 2. HP: 17/19 MP: 2/2
   509 | D:1      | Reached skill level 5 in Stealth
   829 | D:1      | Reached XP level 3. HP: 19/24 MP: 3/3
  1285 | D:2      | Found a white marble altar of Elyvilon.
  1387 | D:2      | Reached XP level 4. HP: 29/29 MP: 4/4
  1509 | D:2      | Reached skill level 1 in Slings
  2513 | D:3      | Reached XP level 5. HP: 35/35 MP: 5/5
  2659 | D:3      | Found a faded altar of an unknown god.
  2796 | D:3      | Noticed iishen's ghost (amateur GnWr)
  3064 | D:4      | Noticed Grinder
  3072 | D:4      | Paralysed by Grinder for 5 turns
  3104 | D:4      | Killed Grinder
  3104 | D:4      | Reached skill level 1 in Shields
  3104 | D:4      | Reached XP level 6. HP: 15/41 MP: 6/6
  3383 | D:4      | HP: 2/41 [gnoll shaman/whip of draining (3)]
  4833 | D:4      | Found an ancient bone altar of Kikubaaqudgha.
  4833 | D:4      | Found a shadowy altar of Dithmenos.
  4834 | D:4      | Found a sparkling altar of Nemelex Xobeh.
  4868 | D:4      | Found a bloodstained altar of Trog.
  5126 | D:4      | Reached XP level 7. HP: 40/45 MP: 7/7
  5229 | D:4      | Reached skill level 6 in Stealth
  6944 | D:5      | Entered Level 5 of the Dungeon
  7152 | D:5      | Noticed Dowan
  7186 | D:5      | Noticed Duvessa
  7239 | D:5      | Reached XP level 8. HP: 45/52 MP: 8/8
  7483 | D:5      | Noticed Prince Ribbit
  7511 | D:5      | Slain by Prince Ribbit

Vault maps used:
D:1:      dpeg_arrival_lava_temple_mockup
D:2:      elyvilon_altar_5
D:3:      chequers_ecumenical_altar_lobes
D:4:      lightli_temple_of_fire, grunt_temple_overflow_open,
          minmay_misc_feat_room, minmay_rat_hole, uniq_grinder
D:5:      nicolae_gozag_seed_capital, kennysheep_mini_moat, first_ration,
          uniq_prince_ribbit1, uniq_duvessa
D:6:      old_standard_altar, skrybe_limestone_x

Skill      XL: |  1  2  3  4  5  6  7 |
---------------+----------------------+-----
Fighting       | 2 3 |  3.5
Stealth        | 5 6 |  6.3
Slings         | 2 4 |  4.5
Short Blades   | 3 4 |  4.2
Dodging        | 2 3 |  3.0
Shields        | 1 2 |  2.2
Throwing       | 3 |  3.3
Unarmed Combat | |  0.3

Action                   |  1- 3 |  4- 6 |  7- 9 || total
-------------------------+-------+-------+-------++-------
Melee: Dagger            |    33 |   193 |   106 ||   332
       Unarmed           |       |       |    19 ||    19
 Fire: Blowgun           |    12 |       |    48 ||    60
       Hunting sling     |    14 |    61 |    23 ||    98
Throw: Stone             |       |       |     1 ||     1
  Use: Scroll            |     2 |     2 |     4 ||     8
       Potion            |       |       |     2 ||     2
 Stab: Sleeping          |     4 |     5 |     5 ||    14
       Confused          |       |       |     1 ||     1
  Eat: Ration            |     1 |     3 |     2 ||     6
Armor: Robe              |     4 |    44 |    31 ||    79
       Skin              |       |       |     2 ||     2
Dodge: Dodged            |    17 |    96 |    57 ||   170
Block: Shield            |       |    53 |    41 ||    94

Table legend:
 A = Spawn XP
 B = Non-spawn XP
 C = Spawn XP percentage of total XP
 D = Spawn monster count
 E = Non-spawn monster count
 F = Spawn count percentage of total count
 G = Total turns spent on level
                    A         B        C        D         E        F      G
               +---------+---------+-------+---------+---------+-------+---------
         Total |       0 |    1059 |   0.0 |       0 |     100 |   0.0 |  7511
               +---------+---------+-------+---------+---------+-------+---------
           D:1 |       0 |      36 |   0.0 |       0 |      15 |   0.0 |   909
           D:2 |       0 |      61 |   0.0 |       0 |      14 |   0.0 |  1283
           D:3 |       0 |      55 |   0.0 |       0 |      24 |   0.0 |  1032
           D:4 |       0 |     613 |   0.0 |       0 |      37 |   0.0 |  3885
           D:5 |       0 |      82 |   0.0 |       0 |       4 |   0.0 |   370
           D:6 |       0 |     212 |   0.0 |       0 |       6 |   0.0 |    32
               +---------+---------+-------+---------+---------+-------+---------
